 Dungeon Sprint DCSS version 0.19-a0-1513-gf6d23ed (webtiles) character file.

14707 poirepourri the Ninja (level 11, -7/47 HPs)
             Began as a Spriggan Enchanter on Sept 12, 2016.
             Was the Champion of Dithmenos.
             Splashed by an oklob plant's acid (12 damage)
             ... in the Dungeon (Sprint IV: "Fedhas' Mad Dash").
             The game lasted 00:08:21 (3795 turns).

poirepourri the Ninja (Spriggan Enchanter)          Turns: 3795, Time: 00:08:22

Health: -7/47      AC:  0    Str:  4    XL:     11   Next: 92%
Magic:  33/41      EV: 30    Int: 18    God:    Dithmenos [******]
Gold:   77         SH: 10    Dex: 19    Spells: 7 memorised, 26 levels left

rFire  . . .     SeeInvis +     n - +2 rapier (speed)
rCold  + + .     Gourm    .     q - +2 robe {rC+ rF+}
rNeg   . . .     Faith    .     o - +0 buckler
rPois  .         Spirit   .     (helmet restricted)
rElec  .         Dismiss  .     (no cloak)
rCorr  .         Reflect  +     (gloves unavailable)
MR     ++...     Harm     .     (boots unavailable)
Stlth  ++++++++++ NoTele   +    s - amulet "Nastyaclal" {Reflect MR+ MP+9 SH+3 SInv}
                                (no ring)
                                f - ring of ice

@: corroded, wreathed by umbra, very quick
A: unfitting armour, see invisible, herbivore 3, speed 3, slow metabolism 2
a: Shadow Step, Shadow Form, Renounce Religion


You were in the Dungeon.
You worshipped Dithmenos.
Dithmenos was exalted by your worship.
You were not hungry.

You visited 1 branch You collected 418 gold pieces.
You spent 341 gold pieces at shops.

Inventory:

Hand Weapons
 a - a +1 dagger
 n - a +2 rapier of speed (weapon)
Armour
 b - a +1 robe
 o - a +0 buckler (worn)
 q - a +2 robe of resistance (worn)
Jewellery
 f - a ring of ice (left hand)
 g - the amulet of invisibility {+Inv}
   (You found it in the Dungeon)

   [amulet of nothing]

   It lets you turn invisible.
 r - an uncursed amulet of guardian spirit
 s - the amulet "Nastyaclal" (around neck) {Reflect MR+ MP+9 SH+3 SInv}
   (You found it in the Dungeon)

   [amulet of reflection]

   It shields you and reflects attacks.
   It affects your resistance to hostile enchantments.
   It affects your magic capacity (+9).
   It lets you see invisible.
   It affects your SH (+3).
Wands
 i - a wand of flame (24/48)
 k - a wand of lightning (1/15)
Scrolls
 p - a scroll of remove curse
Potions
 l - a potion of cure mutation {unknown}
Books
 c - a book of Maledictions

   Spells                             Type                      Level
   a - Corona                         Hexes                        1
   b - Ensorcelled Hibernation        Hexes/Ice                    2
   c - Confuse                        Hexes                        3
   d - Tukima's Dance                 Hexes                        3
   e - Dazzling Spray                 Conjuration/Hexes            3
 m - a book of Misfortune

   Spells                             Type                      Level
   a - Confusing Touch                Hexes                        1
   b - Confuse                        Hexes                        3
   c - Gell's Gravitas                Hexes/Translocation          3
   d - Petrify                        Transmutation/Earth          4
   e - Metabolic Englaciation         Hexes/Ice                    5
   f - Yara's Violent Unravelling     Hexes/Transmutation          5
Comestibles
 d - 2 bread rations
 j - 7 royal jellies


   Skills:
 + Level 7.8 Short Blades
 + Level 12.8 Dodging
 O Level 27 Stealth
 + Level 2.7 Shields
 + Level 16.0 Spellcasting
 + Level 1.0 Conjurations
 + Level 15.4 Hexes
 + Level 3.7 Translocations
 - Level 1.5 Ice Magic


You had 26 spell levels left.
You knew the following spells:

 Your Spells              Type           Power        Failure   Level  Hunger
a - Corona                Hex            ######.      0%          1    None
b - Ensorcelled Hibernat  Hex/Ice        ######       1%          2    None
c - Confuse               Hex            ######..     1%          3    None
d - Tukima's Dance        Hex            ######..     1%          3    None
e - Dazzling Spray        Conj/Hex       #####.       1%          3    None
f - Confusing Touch       Hex            ######       0%          1    None
g - Gell's Gravitas       Hex/Tloc       #####.....   1%          3    None


Dungeon Overview and Level Annotations

Branches:
Dungeon (1/1)

Altars:
Cheibriados
Dithmenos
Elyvilon
Gozag
Hepliaklqana
Kikubaaqudgha
Makhleb
Nemelex Xobeh
Okawaru
Qazlal
Ru
Sif Muna
Trog
Uskayaw
Vehumet
Xom
Yredelemnul
Zin
The Shining One
Beogh
Jiyva
Lugonu

Shops:
D ?*?*[=*:[}([*[=(*

Annotations:
D exclusion: 6 oklob plants


Innate Abilities, Weirdness & Mutations

You are tiny and cannot use many weapons and most armour.
You have supernaturally acute eyesight. (SInv)
You are a herbivore.
You cover ground extremely quickly.
You need consume almost no food.


Message History

[Y]es or [N]o only, please.
Really walk into a travel-excluded area?
You catch the helpless oklob plant completely off-guard!
You perforate the oklob plant like a sieve!!!
The oklob plant is almost destroyed.
You hit the oklob plant but do no damage.
The oklob plant is almost destroyed.
You hit the oklob plant but do no damage.
The oklob plant is almost destroyed.
The oklob plant spits acid at you. The splash of acid hits you!
The acid corrodes you!
The acid burns!
You hit the oklob plant but do no damage.
The oklob plant is almost destroyed.
You don't have enough magic at the moment.
Magic courses through your body. The oklob plant spits acid at you.
The splash of acid hits you!
* * * LOW HITPOINT WARNING * * *
You emit a cloud of dark smoke.
The acid burns!
You die...

.##################### ##
####### #######
####..P∩∩###....}###
.........##...P.)'.#
####P....'......)###
##################
####∩∩∩#..........P.#********
....∩.∩'.......§§...+,,,,,,,*
####∩∩∩#.......§@P.P#******,*
***##################******,*
,*,,*,,*,,*,,*,,*,,*,,*,,*,,*
,,,,,,,,,,,,,,,,,,,,,,,,,,,,*
,*,,*,,*,,*,,*,,*,,*,,*,,*,,*
*****************************
,,,*****,,,,******,,,,,,****
,,,,,,,,,,,,,,,,,,,,,,,,,,,**
,,,,,,,,,,,,,,,,,,*******,,,*


You could see 3 oklob plants.

Vanquished Creatures
  Agnes (D)
  A ghost moth (D)
  A spriggan defender (D)
  2 spriggan berserkers (D)
  A spriggan druid (D)
  17 oklob plants (D)
  2 demonic crawlers (D)
  A wandering mushroom (D)
  A queen bee (D)
  2 burning bushes (D)
  5 wasps (D)
  A scorpion (D)
  4 killer bees (D)
  2 worker ants (D)
  5 oklob saplings (D)
  5 spriggans (D)
  A river rat (D)
  A rat (D)
  2 ballistomycetes (D)
  2 giant spores (D)
57 creatures vanquished.

Notes
Turn   | Place    | Note
-------+----------+-------------------------------------------
     0 | D        | poirepourri the Spriggan Enchanter began the quest for the Orb.
     0 | D        | Reached XP level 1. HP: 9/9 MP: 5/5
    23 | D        | Reached skill level 5 in Stealth
    23 | D        | Reached skill level 5 in Hexes
    23 | D        | Reached XP level 2. HP: 10/13 MP: 4/7
   347 | D        | Learned a level 2 spell: Ensorcelled Hibernation
   349 | D        | Noticed an oklob sapling
   351 | D        | Killed an oklob sapling
   351 | D        | Reached skill level 6 in Stealth
   351 | D        | Reached XP level 3. HP: 16/16 MP: 7/9
   359 | D        | Reached skill level 8 in Stealth
   384 | D        | Learned a level 3 spell: Confuse
   388 | D        | Learned a level 3 spell: Tukima's Dance
   389 | D        | Found an opulent altar of Gozag.
   389 | D        | Found a hazy altar of Hepliaklqana.
   389 | D        | Found a burning altar of Makhleb.
   389 | D        | Found a roughly hewn altar of Beogh.
   389 | D        | Found a sparkling altar of Nemelex Xobeh.
   389 | D        | Found a snail-covered altar of Cheibriados.
   389 | D        | Found a sacrificial altar of Ru.
   389 | D        | Found a deep blue altar of Sif Muna.
   389 | D        | Found a shimmering altar of Xom.
   389 | D        | Found a basalt altar of Yredelemnul.
   390 | D        | Found a viscous altar of Jiyva.
   390 | D        | Found a bloodstained altar of Trog.
   390 | D        | Noticed an oklob sapling priest
   391 | D        | Found an ancient bone altar of Kikubaaqudgha.
   391 | D        | Found a corrupted altar of Lugonu.
   391 | D        | Found an iron altar of Okawaru.
   391 | D        | Found a shadowy altar of Dithmenos.
   391 | D        | Found a stormy altar of Qazlal.
   391 | D        | Found a white marble altar of Elyvilon.
   391 | D        | Found a hide-covered altar of Uskayaw.
   391 | D        | Found a radiant altar of Vehumet.
   391 | D        | Found a glowing silver altar of Zin.
   391 | D        | Found a glowing golden altar of the Shining One.
   392 | D        | Killed an oklob sapling priest
   392 | D        | Reached skill level 5 in Dodging
   392 | D        | Reached skill level 9 in Stealth
   392 | D        | Reached XP level 4. HP: 21/21 MP: 9/11
   395 | D        | Became a worshipper of Dithmenos the Shadowed
   416 | D        | Reached skill level 10 in Stealth
   416 | D        | Reached skill level 5 in Spellcasting
   416 | D        | Reached XP level 5. HP: 24/24 MP: 11/13
   433 | D        | Reached * piety under Dithmenos
   434 | D        | Reached skill level 11 in Stealth
   550 | D        | Learned a level 3 spell: Dazzling Spray
   550 | D        | Found Baberixee's Jewellery Shop.
   550 | D        | Found Wipeq's Armour Emporium.
   557 | D        | Noticed a burning bush
   557 | D        | Noticed a wandering mushroom
   590 | D        | Reached skill level 12 in Stealth
   603 | D        | Noticed a queen bee
   613 | D        | Reached ** piety under Dithmenos
   613 | D        | Reached skill level 10 in Hexes
   613 | D        | Reached XP level 6. HP: 27/28 MP: 11/16
   624 | D        | Reached skill level 13 in Stealth
   640 | D        | Killed a queen bee
   640 | D        | Reached *** piety under Dithmenos
   640 | D        | Reached skill level 14 in Stealth
   640 | D        | Reached skill level 1 in Ice Magic
   640 | D        | Reached XP level 7. HP: 25/32 MP: 4/19
   853 | D        | Noticed an oklob plant
   856 | D        | Killed an oklob plant
   856 | D        | Reached skill level 16 in Stealth
   856 | D        | Reached XP level 8. HP: 36/36 MP: 19/21
   870 | D        | Noticed a burning bush
   882 | D        | Killed a burning bush
  1081 | D        | Noticed a burning bush
  1081 | D        | Noticed an oklob plant
  1082 | D        | Noticed a wandering mushroom
  1083 | D        | Killed a burning bush
  1083 | D        | Reached **** piety under Dithmenos
  1083 | D        | Reached skill level 17 in Stealth
  1088 | D        | Killed an oklob plant
  1088 | D        | Reached skill level 18 in Stealth
  1088 | D        | Reached skill level 10 in Spellcasting
  1092 | D        | Killed a wandering mushroom
  1092 | D        | Reached ***** piety under Dithmenos
  1092 | D        | Reached XP level 9. HP: 39/39 MP: 22/24
  1319 | D        | Noticed a spriggan druid
  1322 | D        | Killed a spriggan druid
  1322 | D        | Reached skill level 10 in Dodging
  1322 | D        | Reached skill level 20 in Stealth
  1338 | D        | Noticed an oklob plant conjurer
  1340 | D        | Killed an oklob plant conjurer
  1877 | D        | Noticed an oklob plant
  1877 | D        | Noticed an oklob plant summoner
  1878 | D        | Noticed an oklob plant shifter
  2051 | D        | Noticed Agnes
  2053 | D        | Found Boph's Antique Weapon Emporium.
  2053 | D        | Noticed a spriggan berserker
  2057 | D        | Killed a spriggan berserker
  2057 | D        | Reached skill level 5 in Short Blades
  2057 | D        | Reached skill level 21 in Stealth
  2060 | D        | Found Erruf's General Store.
  2061 | D        | Killed Agnes
  2061 | D        | Reached skill level 22 in Stealth
  2061 | D        | Reached XP level 10. HP: 44/44 MP: 25/27
  2064 | D        | Noticed a spriggan defender
  2071 | D        | Killed a spriggan defender
  2071 | D        | Reached skill level 23 in Stealth
  2085 | D        | Bought a scroll of magic mapping for 49 gold pieces
  2092 | D        | Bought a scroll of remove curse for 42 gold pieces
  2106 | D        | Noticed a spriggan rider
  2115 | D        | Killed a spriggan rider
  2123 | D        | Reached skill level 24 in Stealth
  2128 | D        | Noticed a ghost moth
  2129 | D        | Found Zosk's General Store.
  2129 | D        | Found Petees's Magic Scroll Emporium.
  2129 | D        | Found Emucilag's Magic Scroll Shoppe.
  2191 | D        | Killed a ghost moth
  2191 | D        | Reached ****** piety under Dithmenos
  2191 | D        | Reached XP level 11. HP: 33/47 MP: 8/30
  2417 | D        | Noticed an oklob plant shifter
  2417 | D        | Noticed an oklob plant meteorologist
  2422 | D        | Killed an oklob plant shifter
  2422 | D        | Reached skill level 25 in Stealth
  2430 | D        | Killed an oklob plant meteorologist
  2430 | D        | Reached skill level 1 in Shields
  2540 | D        | Noticed a spriggan rider
  2546 | D        | Killed a spriggan rider
  2590 | D        | Found Zebat's Antique Armour Shoppe.
  2590 | D        | Found Yjy Wyts's Jewellery Boutique.
  2590 | D        | Found Potub's Assorted Antiques.
  2590 | D        | Found Waqaf's Book Emporium.
  2590 | D        | Found Doatz's Assorted Antiques.
  2591 | D        | Found Abiliaqa's Gadget Emporium.
  2591 | D        | Found Vihoeras's Weapon Shop.
  2591 | D        | Found Qaoleh's Antique Armour Boutique.
  2604 | D        | Bought a blackened steel ring for 110 gold pieces
  2604 | D        | Bought a runed robe for 15 gold pieces
  2613 | D        | Bought a dented copper amulet for 125 gold pieces
  3110 | D        | Learned a level 1 spell: Confusing Touch
  3114 | D        | Learned a level 3 spell: Gell's Gravitas
  3115 | D        | Noticed an oklob plant summoner
  3116 | D        | Found Figim's Antique Armour Emporium.
  3118 | D        | Found Atuorgh's Assorted Antiques.
  3123 | D        | Killed an oklob plant summoner
  3134 | D        | Noticed an oklob plant demonologist
  3134 | D        | Noticed an oklob plant annihilator
  3135 | D        | Noticed a spriggan berserker
  3141 | D        | Killed an oklob plant annihilator
  3141 | D        | Reached skill level 26 in Stealth
  3143 | D        | Killed a spriggan berserker
  3143 | D        | Reached skill level 1 in Translocations
  3144 | D        | Killed an oklob plant demonologist
  3152 | D        | Got a faintly glowing iron amulet
  3267 | D        | Noticed an oklob plant
  3267 | D        | Noticed an oklob plant
  3267 | D        | Noticed an oklob plant
  3267 | D        | Noticed an oklob plant
  3267 | D        | Noticed an oklob plant
  3267 | D        | Noticed an oklob plant
  3268 | D        | Noticed an oklob plant
  3269 | D        | Killed an oklob plant
  3270 | D        | Noticed an oklob plant
  3271 | D        | Killed an oklob plant
  3271 | D        | Reached skill level 27 in Stealth
  3272 | D        | Noticed an oklob plant
  3273 | D        | Killed an oklob plant
  3273 | D        | Reached skill level 15 in Spellcasting
  3274 | D        | Noticed an oklob plant
  3275 | D        | Killed an oklob plant
  3275 | D        | Reached skill level 15 in Hexes
  3276 | D        | Noticed an oklob plant
  3277 | D        | Killed an oklob plant
  3278 | D        | Noticed an oklob plant
  3279 | D        | Killed an oklob plant
  3281 | D        | Killed an oklob plant
  3283 | D        | Killed an oklob plant
  3285 | D        | Killed an oklob plant
  3285 | D        | Reached skill level 1 in Conjurations
  3287 | D        | HP: 2/47 [acid (8)]
  3775 | D        | Identified the amulet "Nastyaclal" {Reflect MR+ MP+9 SH+3 SInv} (You found it in the Dungeon)
  3795 | D        | Splashed by an oklob plant's acid

Vault maps used:
D:        dungeon_sprint_fedhas

Skill      XL: |  1  2  3  4  5  6  7  8  9 10 11 |
---------------+----------------------------------+-----
Stealth        | 5 6 9 10 12 14 16 18 22 24 27 | 27.0
Spellcasting   | 3 4 5 6 7 8 10 12 14 16 | 16.0
Hexes          | 5 6 8 10 11 12 13 14 15 | 15.4
Dodging        | 4 5 6 7 8 9 10 11 12 | 12.8
Short Blades   | 2 3 4 5 6 7 |  7.8
Ice Magic      | 1 |  1.5
Shields        | 2 |  2.7
Translocations | 3 |  3.7
Conjurations   | 1 |  1.0

Action                   |  1- 3 |  4- 6 |  7- 9 | 10-12 || total
-------------------------+-------+-------+-------+-------++-------
Melee: Dagger            |    14 |    10 |    21 |     1 ||    46
       Rapier            |       |       |       |    54 ||    54
 Cast: Corona            |     2 |       |       |       ||     2
       Ensorcelled Hiber |       |     7 |       |       ||     7
       Confuse           |       |       |     6 |     3 ||     9
       Dazzling Spray    |       |       |       |     3 ||     3
       Gell's Gravitas   |       |       |       |     1 ||     1
  Use: Potion            |     2 |       |       |     4 ||     6
       Scroll            |     1 |     1 |       |     2 ||     4
 Stab: Sleeping          |     3 |    10 |    10 |    23 ||    46
       Confused          |       |       |     4 |     4 ||     8
       Distracted        |       |       |       |     1 ||     1
  Eat: Royal jelly       |       |       |       |     2 ||     2
Dodge: Dodged            |     7 |    15 |     4 |    19 ||    45
Block: Buckler           |       |       |       |     6 ||     6
